AoeStats
← Zephyr.H

Arena

510317751Analyzed
2v2 RM · 1d ago on Sep 30, 2026· 82m 11s· 4 players
Game mode
Random Map
Map size
Medium (4 player)
Population
200
Speed
Normal
Resources
Standard
Victory
Conquest
Starting age
Dark Age
Ending age
Imperial Age
RankedLock teamsTeams togetherTeam positionsShared explorationLock speedFull tech treeHidden civsTurbo modeCheats
Victory
Defeat
🇹🇷 Celts · Türkiye
969
+17
🇳🇱 Japanese · Netherlands
929
+18
🇮🇳 Britons · India
1002
-18
🇨🇳 Dravidians · China
967
-17
zombiekiller7
11:39 Feudal Age
11:46 Loom
17:15 Castle Age
15:16 Man-at-Arms
16:53 Stone Mining
19:55 Horse Collar
24:21 Double-Bit Axe
26:56 Wheelbarrow
31:06 Imperial Age
30:45 Bow Saw
33:33 Capped Ram
34:59 Siege Ram
38:23 Gold Mining
39:10 Stone Shaft Mining
40:50 Onager
42:05 Hand Cart
41:36 Town Watch
43:36 Gold Shaft Mining
44:38 Forging
44:28 Scale Mail Armor
44:19 Fletching
44:29 Padded Archer Armor
44:34 Scale Barding Armor
44:28 Murder Holes
44:44 Fortified Wall
44:54 Ballistics
44:45 Masonry
44:25 Cavalier
45:57 Iron Casting
45:33 Husbandry
50:28 Blast Furnace
49:49 Chain Barding Armor
49:24 Bodkin Arrow
49:45 Chain Mail Armor
50:20 Hoardings
49:16 Sappers
52:50 Paladin
53:07 Elite Skirmisher
63:37 Elite Woad Raider
65:12 Heavy Plow
65:31 Stronghold
66:02 Conscription
67:14 Furor Celtica
harmensjoerd
12:29 Feudal Age
13:07 Double-Bit Axe
13:15 Gold Mining
13:16 Stone Mining
13:09 Horse Collar
18:56 Castle Age
20:30 Wheelbarrow
19:41 Town Watch
30:02 Imperial Age
27:18 Loom
28:15 Bow Saw
28:52 Scale Mail Armor
29:02 Forging
28:17 Pikeman
28:57 Squires
28:43 Arson
29:30 Hand Cart
29:49 Chain Mail Armor
30:21 Town Patrol
30:27 Yasama
31:32 Iron Casting
31:25 Conscription
31:27 Kataparuto
33:19 Two-Man Saw
32:49 Kataparuto
33:08 Halberdier
52:10 Elite Skirmisher
65:50 Plate Mail Armor
66:21 Blast Furnace
65:24 Padded Archer Armor
70:17 Leather Archer Armor
aaaaaaaaaaaaaa
10:58 Feudal Age
9:26 Loom
12:18 Wheelbarrow
11:23 Horse Collar
11:31 Double-Bit Axe
18:12 Castle Age
16:28 Stone Mining
16:30 Gold Mining
20:18 Heavy Plow
20:30 Bow Saw
28:09 Imperial Age
27:08 Gold Shaft Mining
27:07 Fletching
27:02 Pikeman
29:35 Hand Cart
29:44 Bodkin Arrow
30:34 Padded Archer Armor
31:53 Ballistics
33:33 Two-Man Saw
33:10 Warwolf
34:16 Conscription
34:37 Halberdier
35:27 Bracer
37:23 Yeomen
41:24 Chemistry
41:30 Leather Archer Armor
41:49 Elite Longbowman
49:31 Squires
52:17 Ring Archer Armor
51:59 Forging
51:49 Scale Mail Armor
67:12 Forging
67:02 Scale Mail Armor
70:32 Iron Casting
70:13 Chain Mail Armor
Zephyr.H
11:56 Feudal Age
11:37 Loom
17:12 Castle Age
15:38 Double-Bit Axe
16:58 Stone Mining
27:09 Gold Mining
30:29 Imperial Age
27:52 Horse Collar
30:19 Wheelbarrow
31:55 Fletching
32:45 Conscription
42:24 Pikeman
43:12 Halberdier
58:08 Scale Mail Armor
58:19 Forging
61:27 Bodkin Arrow
61:48 Chain Mail Armor
66:11 Squires
65:57 Arson
67:54 Plate Mail Armor
67:29 Padded Archer Armor
Connection lost

Rejoining the realm…

Still unreachable

The connection could not be restored.

Session expired

The server has moved on; the page needs a fresh start.